 Dungeon Crawl Stone Soup version 0.13.0-27-gc65393c (webtiles) character file.

4426 Lilouch the Conjurer (level 10, 0/50 HPs)
             Began as a Deep Elf Fire Elementalist on Nov 2, 2013.
             Was an Initiate of Kikubaaqudgha.
             Slain by Prince Ribbit (6 damage)
             ... on Level 7 of the Dungeon.
             The game lasted 02:05:15 (12972 turns).

Lilouch the Conjurer (Deep Elf Fire Elementalist)  Turns: 12972, Time: 02:05:15

HP   0/50        AC  7     Str  5      XL: 10   Next:  5%
MP   0/29        EV 13     Int 24      God: Kikubaaqudgha [......]
Gold 343         SH  0     Dex 16      Spells:  7 memorised,  9 levels left

Res.Fire  : . . .   See Invis. : .   g - +2,+3 orc glaive
Res.Cold  : . . .   Warding    : .   G - +0 steam dragon armour
Life Prot.: + . .   Conserve   : .   (no shield)
Res.Poison: .       Res.Corr.  : .   (no helmet)
Res.Elec. : .       Clarity    : .   F - +1 cloak
Sust.Abil.: . .     Spirit.Shd : .   (no gloves)
Res.Mut.  : .       Stasis     : .   (no boots)
Res.Rott. : .       Flight     : .   (no amulet)
Saprovore : . . .                    v - +1 ring of dexterity
                                     I - ring of positive energy

@: drained, somewhat resistant to hostile enchantments, fairly stealthy
A: no striking features
a: Renounce Religion


You were on level 7 of the Dungeon.
You worshipped Kikubaaqudgha.
Kikubaaqudgha was noncommittal.
You were very hungry.

You visited 3 branches of the dungeon, and saw 10 of its levels.

You collected 323 gold pieces.

Inventory:

Hand weapons
 g - a +2,+3 orcish glaive (weapon)
Armour
 F - a +1 cloak (worn)
 G - a +0 steam dragon armour (worn)
Magical devices
 q - a wand of magic darts (8) {unknown}
 s - a wand of enslavement (17) {unknown}
Comestibles
 c - 5 bread rations
 p - 3 meat rations
Scrolls
 a - a scroll of identify
 f - a scroll of fog {unknown}
 k - 2 scrolls of enchant weapon I
 l - 3 scrolls of teleportation
 n - a scroll of random uselessness {unknown}
 t - a scroll of magic mapping
 w - a scroll of enchant armour
 y - a scroll of fear {unknown}
 B - 2 scrolls of enchant weapon II
 J - a scroll of amnesia
 L - a scroll of recharging {unknown}
Jewellery
 b - an uncursed ring of regeneration {unknown}
 v - a +1 ring of dexterity (right hand)
 I - a ring of positive energy (left hand)
Potions
 h - a potion of restore abilities
 i - a potion of porridge {unknown}
 u - 2 potions of mutation {unknown}
 x - a potion of might {unknown}
 C - a potion of flight {unknown}
 H - 3 potions of magic {unknown}
 S - a potion of berserk rage {unknown}
 T - 5 potions of heal wounds {unknown}
 V - 2 potions of brilliance {unknown}
Books
 e - a book of Enchantments

   Spells                             Type                      Level
   Cause Fear                         Hexes                        4
   Silence                            Hexes/Air                    5
   Tukima's Dance                     Hexes                        5
   Deflect Missiles                   Charms/Air                   6
   Haste                              Charms                       6
   Discord                            Hexes                        8


   Skills:
 - Level 1.0(0.7) Armour
 - Level 2.4(2.1) Dodging
 - Level 2.4(2.1) Stealth
 + Level 9.4(9.1) Spellcasting
 * Level 11.2(10.8) Conjurations
 + Level 8.5(8.2) Fire Magic


You had 9 spell levels left.
You knew the following spells:

 Your Spells              Type           Power        Failure   Level  Hunger
a - Flame Tongue          Conj/Fire      #####        1%          1    None
b - Conjure Flame         Conj/Fire      ######..     1%          3    None
c - Throw Flame           Conj/Fire      ######       1%          2    None
d - Sticky Flame          Conj/Fire      ######..     1%          4    ##.....
e - Fireball              Conj/Fire      ######....   3%          5    ####...
f - Apportation           Tloc           ##........   8%          1    None
g - Blink                 Tloc           N/A          12%         2    None


Dungeon Overview and Level Annotations

Branches:
Dungeon (8/27)             Temple (1/1) D:5             Orc (1/4) D:6
   Lair: D:8-13

Altars:
Ashenzari
Elyvilon
Fedhas
Kikubaaqudgha
Makhleb
Nemelex Xobeh
Okawaru
Sif Muna
Trog
the Shining One

Annotations:
D:7 Ijyb, Prince Ribbit


Message History

Drink which item? (? for menu, Esc to quit)
You feel better. Prince Ribbit misses you. Prince Ribbit hits you.
Prince Ribbit hits you.
Casting: Flame Tongue
Confirm with . or Enter, or press ? or * to list all spells.
Aiming: Sticky Flame
Press: ? - help, Shift-Dir - straight line, f - Prince Ribbit
Aim: Prince Ribbit (lightly wounded)
The sticky flame hits Prince Ribbit.
Prince Ribbit is moderately wounded.
Prince Ribbit is covered in liquid flames!
Prince Ribbit burns!
Prince Ribbit barely misses you.
Prince Ribbit burns!
Prince Ribbit hits you!
* * * LOW HITPOINT WARNING * * *
Drink which item? (? for menu, Esc to quit)
You feel refreshed.
It was a potion of restore abilities.
Prince Ribbit burns!
Prince Ribbit hits you.
You die...
Kikubaaqudgha rasps: "You have failed me!
Welcome... death!"

.)........................
..........................
......#######..............
......#.....#......####
......#.....'......#
##....#.....#......#
.#....#.....#......# .#
.#....#######.)....##########...#
##..............@F...)..........#
...............<..:.##########.>#
##..................#
#.######...........# #.#
#.._........# .. #.#
#...........# ... #.#
#..........%##########... #.#
#.........(....o..)......
##.##########....#######..)......


You could see Prince Ribbit (burning).

Vanquished Creatures
  A hill giant zombie (D:6)
  A hungry ghost (D:6)
  A hippogriff (D:7)
  A steam dragon (D:7)
  Menkaure (D:6)
  6 orc warriors
  2 ice beasts
  2 phantoms (D:6)
  A sky beast (D:5)
  The ghost of nOtime the Bolt Thrower, an average HuHu (D:3)
  A centaur (D:6)
  4 giant frogs (D:6)
  Sigmund (D:5)
  Duvessa (D:7)
  A hippogriff zombie (D:7)
  5 killer bees (D:7)
  A giant frog zombie (D:5)
  Dowan (D:7)
  A crimson imp (D:5)
  3 hounds
  A giant frog skeleton (D:4)
  11 orc priests
  10 orc wizards
  9 worker ants
  A quasit (D:7)
  2 scorpions
  5 ogre zombies (D:6)
  A gnoll (D:1)
  13 adders
  A giant centipede (D:2)
  5 worms
  A scorpion zombie (D:7)
  4 giant geckos
  48 orcs
  9 goblins
  9 hobgoblins
  5 jackals
  9 kobolds
  A ball python (D:4)
  15 bats
  10 giant cockroaches
  7 giant newts
  A goblin skeleton (D:6)
  2 goblin zombies (D:6)
  A hobgoblin zombie (D:6)
  6 orc skeletons (D:6)
  9 orc zombies (D:6)
  4 quokkas
  23 rats
  2 rat skeletons
  A rat zombie (D:5)
262 creatures vanquished.

Notes
Turn   | Place    | Note
--------------------------------------------------------------
     0 | D:1      | Lilouch, the Deep Elf Fire Elementalist, began the quest for the Orb.
     0 | D:1      | Reached XP level 1. HP: 10/10 MP: 4/4
   295 | D:1      | Reached XP level 2. HP: 15/15 MP: 5/7
   628 | D:1      | Reached skill level 1 in Armour
   675 | D:1      | Reached XP level 3. HP: 1/19 MP: 0/9
  1453 | D:2      | Reached XP level 4. HP: 18/24 MP: 8/12
  1940 | D:2      | Reached skill level 4 in Fire Magic
  2072 | D:2      | Reached XP level 5. HP: 11/28 MP: 7/16
  2687 | D:3      | Noticed nOtime's ghost (average HuHu)
  3153 | D:3      | Learned a level 3 spell: Conjure Flame
  3168 | D:3      | Killed nOtime's ghost
  3332 | D:3      | Noticed an ice beast
  3342 | D:3      | Killed an ice beast
  3342 | D:3      | Reached XP level 6. HP: 32/32 MP: 10/19
  3480 | D:3      | Reached skill level 5 in Conjurations
  3793 | D:3      | Reached skill level 5 in Fire Magic
  4131 | D:3      | Reached XP level 7. HP: 36/36 MP: 18/21
  4362 | D:3      | Reached skill level 5 in Spellcasting
  5245 | D:4      | Reached skill level 6 in Conjurations
  5391 | D:5      | Entered Level 5 of the Dungeon
  7013 | D:5      | Reached skill level 7 in Conjurations
  7418 | D:5      | Noticed Sigmund
  7426 | D:5      | Killed Sigmund
  7426 | D:5      | Reached XP level 8. HP: 41/41 MP: 15/24
  7486 | D:6      | Learned a level 2 spell: Throw Flame
  7491 | D:6      | Learned a level 4 spell: Sticky Flame
  7826 | D:6      | Reached skill level 8 in Conjurations
  7841 | D:6      | Found a staircase to the Orcish Mines.
  8404 | D:6      | Noticed Menkaure
  8411 | D:6      | Killed Menkaure
  8411 | D:6      | Reached skill level 9 in Conjurations
  8492 | D:6      | Reached XP level 9. HP: 38/45 MP: 23/27
  9167 | D:6      | Learned a level 5 spell: Fireball
 10084 | D:5      | Reached skill level 10 in Conjurations
 10402 | D:5      | Found a staircase to the Ecumenical Temple.
 10412 | Temple   | Entered the Ecumenical Temple
 10432 | Temple   | Became a worshipper of Kikubaaqudgha
 10885 | Orc:1    | Entered Level 1 of the Orcish Mines
 11233 | D:8      | Found a shattered altar of Ashenzari.
 11746 | D:7      | Found a white marble altar of Elyvilon.
 11929 | D:7      | Noticed Dowan
 11932 | D:7      | Noticed Duvessa
 11933 | D:7      | Killed Dowan
 11943 | D:7      | Killed Duvessa
 12322 | D:7      | Reached skill level 11 in Conjurations
 12368 | D:7      | Learned a level 1 spell: Apportation
 12371 | D:7      | Learned a level 2 spell: Blink
 12515 | D:7      | Reached XP level 10. HP: 17/50 MP: 12/29
 12845 | D:7      | Found a bloodstained altar of Trog.
 12858 | D:7      | Noticed Ijyb
 12942 | D:7      | Noticed Prince Ribbit
 12972 | D:7      | Slain by Prince Ribbit

Action                   |  1- 3 |  4- 6 |  7- 9 | 10-12 || total
-------------------------+-------+-------+-------+-------++-------
Melee: Unarmed           |     6 |       |     2 |     1 ||     9
       Short sword       |       |     5 |       |       ||     5
       Morningstar       |       |       |    20 |       ||    20
       Hand axe          |       |       |     7 |       ||     7
       Glaive            |       |       |    66 |    21 ||    87
       Spear             |       |       |    13 |       ||    13
Throw: Dagger            |    11 |    44 |   107 |     8 ||   170
       Club              |    25 |    31 |    11 |       ||    67
       Hand axe          |     5 |     5 |    11 |       ||    21
       Spear             |     4 |     8 |     5 |       ||    17
       Dart              |       |       |     4 |       ||     4
 Cast: Flame Tongue      |    67 |   110 |   216 |    12 ||   405
       Conjure Flame     |       |    11 |    82 |     8 ||   101
       Throw Flame       |       |       |    89 |     4 ||    93
       Sticky Flame      |       |       |    14 |     2 ||    16
       Fireball          |       |       |     5 |     1 ||     6
Evoke: Wand              |     2 |       |       |       ||     2
  Use: Potion            |     1 |       |     2 |     3 ||     6
       Scroll            |       |     6 |     6 |       ||    12
 Stab: Sleeping          |       |     1 |     2 |       ||     3
